 Dungeon Crawl Stone Soup version 0.32-a0-699-g1ee5eff69a (webtiles) character file.

Game seed: 6143668996201703859

185 Fodor the Covered (level 5, -3/47 HPs)
             Began as a Minotaur Fighter on Mar 13, 2024.
             Slain by Crazy Yiuf
             ... wielding a +3 quarterstaff of chaos
              (11 damage)
             ... on level 3 of the Dungeon.
             The game lasted 00:06:55 (2818 turns).

Fodor the Covered (Minotaur Fighter)                Turns: 2818, Time: 00:06:55

Health: -3/47      AC:  7    Str: 23    XL:     5   Next: 37%
Magic:  4/4        EV:  9    Int:  5    God:
Gold:   173        SH:  4    Dex:  9    Spells: 4/4 levels left

rFire   . . .        a - +0 war axe
rCold   . . .        c - +0 buckler
rNeg    . . .        b - +0 scale mail
rPois   .            (helmet restricted)
rElec   .            (no cloak)
rCorr   .            (no gloves)
SInv    .            (no boots)
Will    .....        (no amulet) Stlth
                     (no ring)
HPRegen 0.27/turn    (no ring)
MPRegen 0.09/turn

%: no passive effects
@: lethally poisoned (-3 -> -13)
A: horns 2, retaliatory headbutt
a: no special abilities


You were on level 3 of the Dungeon.
You visited 1 branch of the dungeon, and saw 3 of its levels.

You collected 173 gold pieces.

Inventory:

Hand Weapons
 a - a +0 war axe (weapon)
 m - a +0 sling
Armour
 b - a +0 scale mail (worn)
 c - a +0 buckler (worn)
Talismans
 o - a serpent talisman
Scrolls
 f - 2 scrolls of identify {unknown}
 g - 3 scrolls of enchant weapon {unknown}
 i - 2 scrolls of fear {unknown}
 j - a scroll of teleportation {unknown}
 k - a scroll of poison {unknown}
 l - a scroll of amnesia {unknown}
 n - a scroll of fog {unknown}
Potions
 d - 2 potions of might
 e - a potion of heal wounds {unknown}
 h - a potion of lignification {unknown}


   Skills:
 + Level 4.6 Fighting
 + Level 4.6 Axes
 + Level 4.8 Armour
 + Level 1.1 Dodging
 + Level 4.0 Shields


You had 4 spell levels left.
You didn't know any spells.
Your spell library contained the following spells:

 Spells                   Type           Power      Damage    Failure   Level
 Apportation              Tloc           0%         N/A       83%         1
 Magic Dart               Conj           0%         1d3       83%         1
 Necrotise                Necr           0%         1d4       83%         1
 Sting                    Conj/Alch      0%         1d3       83%         1
 Summon Small Mammal      Summ           0%         N/A       83%         1
 Searing Ray              Conj           0%         2d4       93%         2
 Tukima's Dance           Hex            0%         N/A       99%         3
 Dimensional Bullseye     Hex/Tloc       0%         N/A       100%        4
 Fulminant Prism          Conj/Alch      0%         3d5       100%        4
 Iskenderun's Mystic Bla  Conj/Tloc      0%         2d3       100%        4


Dungeon Overview and Level Annotations

Branches:
Dungeon (3/15)

Altars:

Shops:
D:1 *

Annotations:
D:3 Crazy Yiuf


Innate Abilities, Weirdness & Mutations

You have a pair of horns on your head.
You reflexively headbutt those who attack you in melee.


Message History

The jackal closely misses you. You furiously retaliate!
You headbutt the jackal.
You kill the jackal!
You see here a jackal corpse.
You see here a jackal corpse.
You see here a jackal corpse.
You see here a jackal corpse.
A quokka comes into view.
A quokka is nearby!
You hit the quokka but do no damage.
The quokka bites you but does no damage. x2
You slash the quokka!
You kill the quokka!
There is a stone staircase leading up, spattered with blood here.
You see here a quokka corpse.
You slash the fungus!
The fungus begins to die.
You headbutt the fungus!
The fungus is lightly damaged.
You slash the fungus! You headbutt the fungus!
The fungus is moderately damaged.
A nearby fungus withers and dies.
Crazy Yiuf shouts!
You open the door.
Crazy Yiuf hits you with a +3 quarterstaff of chaos!
You are electrocuted!
There is an open translucent door here.
You hit Crazy Yiuf.
You headbutt Crazy Yiuf, but do no damage.
Crazy Yiuf is lightly wounded.
Crazy Yiuf hits you with a +3 quarterstaff of chaos!
You slash Crazy Yiuf! Your headbutt misses Crazy Yiuf.
Crazy Yiuf is heavily wounded.
Crazy Yiuf hits you with a +3 quarterstaff of chaos.
* * * LOW HITPOINT WARNING * * *
You are lethally poisoned!
You barely miss Crazy Yiuf.
Crazy Yiuf is heavily wounded.
* * * LOW HITPOINT WARNING * * *
You feel very sick.
Crazy Yiuf hits you with a +3 quarterstaff of chaos!
You die...

##.#### #.#....# ##
#.# #.#....##### .#
#.# #>.........# ....
### ######.....# ##
#####.# #..##.## ####
♣♣##....... #)..#♣♣
♣♣..#...†..<
#..g@.♣♣♣♣.........#.
#...#♣..♣..........#.
#### ♣♣♣.♣...#######.
♣♣♣♣♣########.
#..##...
##############..##.##
#....#.##.......##.#
#..###.##.......##.#
#......##.......##.##


You could see Crazy Yiuf.

Vanquished Creatures
  7 adders
  A gnoll (D:2)
  A white imp (D:3)
  4 dart slugs
  10 orcs (D:3)
  6 ball pythons
  5 endoplasms
  2 giant cockroaches
  2 goblins (D:1)
  7 hobgoblins
  11 jackals
  5 kobolds
  5 quokkas
  7 bats
  5 frilled lizards
  5 rats
83 creatures vanquished.

Notes
Turn   | Place    | Note
-------+----------+-------------------------------------------
     0 | D:1      | Fodor the Minotaur Fighter began the quest for the Orb.
     0 | D:1      | Reached XP level 1. HP: 19/19 MP: 0/0
    28 | D:1      | Reached XP level 2. HP: 27/27 MP: 1/1
   147 | D:1      | Found Eboixely's Assorted Antiques.
   561 | D:1      | Reached XP level 3. HP: 32/33 MP: 2/2
  1288 | D:2      | Reached XP level 4. HP: 40/40 MP: 3/3
  1424 | D:2      | Reached skill level 1 in Dodging
  2106 | D:3      | Reached XP level 5. HP: 29/47 MP: 4/4
  2243 | D:3      | Found a faded altar of an unknown god.
  2675 | D:3      | Found a runed translucent door.
  2676 | D:3      | Noticed Crazy Yiuf
  2818 | D:3      | Slain by Crazy Yiuf

Illustrated notes

Levels and vault maps discovered:
D:1:      mrwooster_arrival_statue, layout_loops_corners, serial_shops, shop,
          hangedman_abyss_or_decor_lesser_grid, minmay_stone_trees_small,
          st_stairs_12
D:2:      minmay_chambers_of_twos, layout_basic, serial_bayou_pond_e,
          kennysheep_donut
D:3:      layout_loops_cross, chequers_ecumenical_altar_grove,
          bh_walls_and_bars, uniq_crazy_yiuf_cottage

Skill      XL: |  1  2  3  4 |
---------------+-------------+-----
Fighting       | 4 |  4.6
Armour         | 4 |  4.8
Axes           | 3 4 |  4.6
Shields        | 4 |  4.0
Dodging        | 1 |  1.1

Action                     |  1- 3 |  4- 6 || total
---------------------------+-------+-------++-------
  Melee: War axe           |    74 |    74 ||   148
         Headbutt          |     8 |    14 ||    22
 Armour: Scale mail        |    64 |    61 ||   125
  Dodge: Dodged            |    40 |    40 ||    80
  Block: Buckler           |    14 |    17 ||    31

Table legend: (Time is in decaauts)
 A = Elapsed time spent in this place.
 B = Non-inter-level travel time spent in this place.
 C = Inter-level travel time spent in this place.
 D = Time resting spent in this place.
 E = Time spent auto-exploring this place.
 F = Levels seen in this place.
 G = Mean time per level.
                   A        B        C        D        E       F      G
               +--------+--------+--------+--------+--------+-----+--------+
         Total |   2868 |   2850 |     18 |    170 |   1922 |   3 |  956.0 |
       Dungeon |   2868 |   2850 |     18 |    170 |   1922 |   3 |  956.0 |
               +--------+--------+--------+--------+--------+-----+--------+

Top non-repeatable levels by time:
     D:2: 1214 daAuts
     D:1: 912 daAuts
     D:3: 742 daAuts
